General information
- name: BNet
- type: Ladder team game (AT/RT)
- host: Battle.net
- saver: Refugee_
map: Deathknell
- players: 8
- length: 30:01
- speed: Fast
- version: 1.27 W3XP
- replay type: Public
» download(234 KB)
Players
team 1 (loser)

»
TheeStKiller (
yellow | 76 APM | 2295 actions | 30:00)
7 Blademaster
3 Critical Strike
3 Wind Walk
1 Bladestorm
5 Shadow Hunter
3 Healing Wave
2 Serpent Ward
3 Paladin
1 Resurrection
1 Devotion Aura
1 Divine Shield
» actions
| Assign group hotkey | 22 | |
| Basic commands | 81 | |
| Build / train | 80 | |
| Enter build submenu | 36 | |
| Enter hero's abilities submenu | 15 | |
| Remove unit from queue | 1 | |
| Right click | 1073 | |
| Select / deselect | 510 | |
| Select group hotkey | 315 | |
| Use ability | 162 | |
2295 total
» units
| Peon | 12 | |
| Grunt | 5 | |
| Goblin Shredder | 2 | |
| Troll Batrider | 17 | |
| Raider | 1 | |
| Wind Rider | 3 | |
40 total
» upgrades
| Armor | 1 | |
| Spiked Barricades | 1 | |
| Ranged Weapons | 3 | |
| Liquid Fire | 1 | |
6 total
» buildings
| Altar of Storms | 1 | |
| Orc Burrow | 7 | |
| Barracks | 2 | |
| Voodoo Lounge | 1 | |
| War Mill | 1 | |
| Stronghold | 1 | |
| Watch Tower | 13 | |
| Great Hall | 3 | |
| Beastiary | 8 | |
| Fortress | 1 | |
| Town Hall | 2 | |
| Scout Tower | 7 | |
| Guard Tower | 2 | |
49 total
» build order
00:18 Altar of Storms
00:21 Orc Burrow
00:40 Barracks
00:50 Barracks
01:39 Voodoo Lounge
01:47 Orc Burrow
02:25 War Mill
03:46 Stronghold
05:25 Watch Tower
05:31 Great Hall
05:36 Orc Burrow
05:38 Watch Tower
05:48 Orc Burrow
08:26 Beastiary
09:17 Beastiary
09:23 Orc Burrow
10:16 Fortress
10:20 Orc Burrow
10:20 Orc Burrow
12:43 Beastiary
17:44 Beastiary
20:54 Great Hall
21:25 Beastiary
21:26 Beastiary
21:30 Beastiary
21:33 Beastiary
22:03 Watch Tower
22:03 Watch Tower
22:03 Watch Tower
22:04 Watch Tower
25:15 Great Hall
25:17 Watch Tower
25:17 Watch Tower
25:17 Watch Tower
25:47 Watch Tower
25:54 Town Hall
25:55 Scout Tower
25:57 Scout Tower
26:42 Watch Tower
26:42 Watch Tower
26:42 Watch Tower
27:52 Town Hall
27:54 Scout Tower
27:54 Scout Tower
27:54 Scout Tower
27:55 Scout Tower
28:30 Guard Tower
» items
| Healing Salve | 5 | |
| Lesser Clarity Potion | 3 | |
| Scroll of Regeneration | 1 | |
| Potion of Healing | 2 | |
| Potion of Mana | 1 | |
12 total

»
Kretzmer23 (
purple | 55 APM | 1372 actions | 24:47)
6 Mountain King
3 Storm Bolt
1 Thunder Clap
1 Bash
1 Avatar
» actions
| Assign group hotkey | 29 | |
| Basic commands | 28 | |
| Build / train | 97 | |
| Enter build submenu | 33 | |
| Enter hero's abilities submenu | 6 | |
| Give item / drop item | 1 | |
| Remove unit from queue | 8 | |
| Right click | 551 | |
| Select / deselect | 380 | |
| Select group hotkey | 185 | |
| Use ability | 54 | |
1372 total
» units
| Peasant | 23 | |
| Rifleman | 8 | |
| Mortar Team | 17 | |
| Knight | 5 | |
53 total
» upgrades
| Gunpowder | 3 | |
| Armor | 3 | |
| Long Rifles | 1 | |
| Lumber Harvesting | 1 | |
| Flare | 1 | |
| Fragmentation Shards | 1 | |
| Swords | 2 | |
| Animal War Training | 1 | |
| Plating | 2 | |
15 total
» buildings
| Altar of Kings | 1 | |
| Farm | 13 | |
| Barracks | 2 | |
| Blacksmith | 1 | |
| Lumber Mill | 1 | |
| Scout Tower | 7 | |
| Arcane Tower | 2 | |
| Guard Tower | 5 | |
| Arcane Vault | 1 | |
| Keep | 1 | |
| Town Hall | 3 | |
| Castle | 1 | |
| Workshop | 2 | |
40 total
» build order
00:20 Altar of Kings
00:34 Farm
00:48 Barracks
01:06 Blacksmith
01:20 Farm
01:57 Farm
02:03 Lumber Mill
02:32 Scout Tower
02:36 Scout Tower
03:04 Scout Tower
03:07 Arcane Tower
03:13 Guard Tower
03:38 Arcane Tower
03:51 Arcane Vault
05:17 Keep
05:55 Scout Tower
06:00 Farm
06:50 Town Hall
07:02 Guard Tower
07:29 Scout Tower
08:24 Castle
08:31 Guard Tower
08:33 Scout Tower
08:46 Workshop
08:50 Workshop
09:04 Guard Tower
09:07 Scout Tower
09:16 Farm
09:18 Farm
10:22 Guard Tower
10:38 Barracks
10:45 Farm
11:22 Farm
12:03 Farm
13:11 Farm
13:14 Farm
17:41 Farm
18:20 Town Hall
18:29 Farm
19:24 Town Hall
» items
| Scroll of Regeneration | 3 | |
| Potion of Healing | 1 | |
| Scroll of Town Portal | 1 | |
5 total
Fadehh (
green | 41 APM | 1011 actions | 24:26)
5 Blademaster
3 Wind Walk
2 Critical Strike
» actions
| Assign group hotkey | 17 | |
| Basic commands | 37 | |
| Build / train | 62 | |
| Enter build submenu | 27 | |
| Enter hero's abilities submenu | 5 | |
| Remove unit from queue | 4 | |
| Right click | 379 | |
| Select / deselect | 249 | |
| Select group hotkey | 173 | |
| Use ability | 58 | |
1011 total
» units
| Peon | 8 | |
| Grunt | 7 | |
| Shaman | 7 | |
| Spirit Walker | 2 | |
| Demolisher | 2 | |
| Tauren | 7 | |
33 total
» upgrades
| Berserker Strength | 1 | |
| Melee Weapons | 2 | |
| Shaman Training | 2 | |
| Armor | 0 | |
5 total
» buildings
| Altar of Storms | 1 | |
| Orc Burrow | 10 | |
| Barracks | 1 | |
| War Mill | 1 | |
| Stronghold | 1 | |
| Voodoo Lounge | 1 | |
| Spirit Lodge | 2 | |
| Watch Tower | 6 | |
| Fortress | 1 | |
| Tauren Totem | 1 | |
| Beastiary | 1 | |
26 total
» build order
00:07 Altar of Storms
00:10 Orc Burrow
00:50 Barracks
01:08 War Mill
02:02 Orc Burrow
03:07 Stronghold
03:48 Voodoo Lounge
05:32 Spirit Lodge
06:12 Spirit Lodge
06:16 Watch Tower
07:12 Orc Burrow
08:02 Watch Tower
08:11 Orc Burrow
08:52 Fortress
09:42 Watch Tower
10:27 Orc Burrow
12:22 Tauren Totem
12:26 Orc Burrow
12:27 Orc Burrow
12:27 Orc Burrow
13:48 Watch Tower
14:54 Orc Burrow
14:55 Orc Burrow
15:17 Beastiary
21:05 Watch Tower
21:46 Watch Tower
» items
| Healing Salve | 5 | |
| Lesser Clarity Potion | 1 | |
| Scroll of Speed | 4 | |
| Orb of Lightning | 1 | |
| Scroll of Town Portal | 1 | |
12 total
Ironman1986 (
teal | 35 APM | 894 actions | 25:32)
5 Paladin
1 Holy Light
2 Divine Shield
2 Devotion Aura
» actions
| Assign group hotkey | 20 | |
| Build / train | 69 | |
| Enter build submenu | 27 | |
| Enter hero's abilities submenu | 5 | |
| Remove unit from queue | 1 | |
| Right click | 331 | |
| Select / deselect | 298 | |
| Select group hotkey | 89 | |
| Use ability | 54 | |
894 total
» units
| Peasant | 12 | |
| Footman | 8 | |
| Spell Breaker | 10 | |
| Knight | 12 | |
42 total
» upgrades
| Swords | 3 | |
| Masonry | 1 | |
| Plating | 3 | |
| Lumber Harvesting | 2 | |
| Control Magic | 1 | |
| Animal War Training | 1 | |
| Magic Sentry | 1 | |
12 total
» buildings
| Altar of Kings | 1 | |
| Barracks | 2 | |
| Farm | 9 | |
| Scout Tower | 7 | |
| Arcane Tower | 1 | |
| Blacksmith | 1 | |
| Keep | 1 | |
| Lumber Mill | 1 | |
| Arcane Vault | 1 | |
| Castle | 2 | |
| Arcane Sanctum | 1 | |
| Town Hall | 3 | |
| Guard Tower | 3 | |
33 total
» build order
00:11 Altar of Kings
00:15 Barracks
00:19 Barracks
00:30 Farm
01:07 Farm
01:20 Scout Tower
01:57 Farm
02:19 Arcane Tower
03:05 Blacksmith
03:54 Keep
04:12 Lumber Mill
04:22 Farm
05:13 Arcane Vault
05:25 Farm
06:22 Castle
06:22 Castle
07:14 Arcane Sanctum
08:26 Farm
09:18 Farm
10:41 Farm
12:04 Town Hall
13:06 Farm
15:16 Scout Tower
15:24 Scout Tower
15:35 Scout Tower
15:38 Scout Tower
15:41 Scout Tower
15:51 Guard Tower
15:55 Town Hall
16:03 Guard Tower
16:15 Guard Tower
22:01 Town Hall
23:17 Scout Tower
» items
team 2 (winner)
Macroeconomy (
orange | 55 APM | 1654 actions | 30:00)
6 Firelord
3 Summon Lava Spawn
2 Soul Burn
1 Volcano
4 Keeper of the Grove
2 Entangling Roots
2 Force of Nature
» actions
| Build / train | 103 | |
| Enter build submenu | 56 | |
| Enter hero's abilities submenu | 11 | |
| Right click | 709 | |
| Select / deselect | 655 | |
| Use ability | 120 | |
1654 total
» units
| Wisp | 48 | |
| Glaive Thrower | 9 | |
| Goblin Shredder | 2 | |
| Hippogryph | 4 | |
| Chimaera | 1 | |
| Druid of the Talon | 1 | |
| Dryad | 7 | |
72 total
» upgrades
| Strength of the Wild | 3 | |
| Vorpal Blades | 1 | |
| Reinforced Hides | 3 | |
| Abolish Magic | 1 | |
| Well Spring | 1 | |
| Ultravision | 1 | |
10 total
» buildings
| Hunter's Hall | 1 | |
| Moon Well | 12 | |
| Ancient Protector | 20 | |
| Altar of Elders | 1 | |
| Tree of Life | 4 | |
| Ancient of War | 2 | |
| Tree of Ages | 1 | |
| Tree of Eternity | 1 | |
| Ancient of Wind | 1 | |
| Chimaera Roost | 5 | |
| Ancient of Lore | 3 | |
| Ancient of Wonders | 1 | |
52 total
» build order
00:09 Hunter's Hall
01:05 Moon Well
01:33 Ancient Protector
01:50 Ancient Protector
02:51 Altar of Elders
03:18 Ancient Protector
03:31 Ancient Protector
04:08 Moon Well
04:39 Ancient Protector
05:40 Tree of Life
05:59 Ancient Protector
06:00 Ancient Protector
06:47 Moon Well
06:58 Moon Well
07:01 Moon Well
07:18 Ancient of War
08:06 Ancient of War
09:03 Ancient Protector
09:06 Tree of Ages
09:45 Ancient Protector
11:11 Tree of Life
11:32 Tree of Eternity
11:34 Ancient of Wind
11:46 Ancient Protector
11:49 Ancient Protector
12:30 Tree of Life
12:34 Ancient Protector
12:36 Ancient Protector
14:05 Chimaera Roost
14:07 Chimaera Roost
14:10 Chimaera Roost
16:01 Chimaera Roost
16:03 Chimaera Roost
18:37 Ancient of Lore
18:42 Ancient of Lore
19:28 Ancient Protector
19:30 Ancient Protector
20:12 Moon Well
20:13 Moon Well
20:14 Moon Well
20:16 Moon Well
20:18 Moon Well
20:24 Tree of Life
20:26 Ancient Protector
20:31 Ancient Protector
20:37 Ancient Protector
21:41 Ancient Protector
21:56 Ancient of Lore
22:49 Ancient Protector
25:05 Moon Well
25:43 Moon Well
26:48 Ancient of Wonders
» items
| Potion of Healing | 3 | |
| Scroll of Town Portal | 3 | |
| Orb of Fire | 1 | |
7 total
Refugee_ (
blue | 32 APM | 971 actions | 30:01)
» actions
| Basic commands | 12 | |
| Build / train | 87 | |
| Enter build submenu | 61 | |
| Right click | 335 | |
| Select / deselect | 345 | |
| Use ability | 131 | |
971 total
» units
| Peasant | 18 | |
| Goblin Shredder | 5 | |
| Goblin Sapper | 21 | |
| Goblin Zeppelin | 5 | |
49 total
» upgrades
| Lumber Harvesting | 1 | |
| Magic Sentry | 1 | |
| Masonry | 2 | |
4 total
» buildings
| Lumber Mill | 1 | |
| Scout Tower | 84 | |
| Farm | 3 | |
| Arcane Tower | 1 | |
| Guard Tower | 31 | |
| Arcane Vault | 1 | |
| Keep | 1 | |
| Town Hall | 2 | |
| Arcane Sanctum | 1 | |
| Altar of Kings | 1 | |
| Castle | 1 | |
127 total
» build order
00:25 Lumber Mill
00:39 Scout Tower
00:43 Scout Tower
00:45 Scout Tower
00:48 Scout Tower
01:18 Scout Tower
01:22 Farm
01:48 Arcane Tower
02:33 Scout Tower
02:38 Scout Tower
03:04 Scout Tower
03:07 Scout Tower
03:21 Scout Tower
03:25 Scout Tower
03:30 Guard Tower
03:38 Scout Tower
03:42 Scout Tower
03:48 Scout Tower
03:50 Scout Tower
03:52 Guard Tower
03:54 Guard Tower
04:03 Scout Tower
04:10 Scout Tower
04:23 Farm
04:26 Guard Tower
04:34 Scout Tower
04:36 Scout Tower
04:37 Scout Tower
04:39 Scout Tower
04:46 Scout Tower
04:53 Guard Tower
05:00 Scout Tower
05:06 Scout Tower
05:09 Scout Tower
05:12 Scout Tower
05:17 Scout Tower
05:49 Guard Tower
05:50 Guard Tower
05:53 Guard Tower
06:29 Guard Tower
06:35 Guard Tower
06:42 Guard Tower
07:37 Arcane Vault
08:00 Keep
08:31 Town Hall
08:41 Guard Tower
08:47 Farm
09:00 Guard Tower
09:20 Scout Tower
09:21 Scout Tower
09:22 Scout Tower
09:25 Scout Tower
09:28 Scout Tower
09:30 Scout Tower
09:32 Scout Tower
09:38 Scout Tower
09:39 Scout Tower
09:40 Scout Tower
09:45 Scout Tower
09:46 Scout Tower
09:47 Scout Tower
09:48 Scout Tower
09:49 Scout Tower
09:57 Scout Tower
09:59 Scout Tower
10:00 Scout Tower
10:01 Scout Tower
10:02 Scout Tower
10:04 Scout Tower
10:05 Scout Tower
10:06 Scout Tower
10:07 Scout Tower
10:09 Scout Tower
10:10 Scout Tower
11:24 Arcane Sanctum
12:15 Guard Tower
12:28 Scout Tower
12:28 Scout Tower
12:29 Scout Tower
12:30 Scout Tower
12:31 Scout Tower
12:33 Scout Tower
12:34 Scout Tower
12:36 Scout Tower
12:38 Scout Tower
12:44 Altar of Kings
13:06 Guard Tower
13:06 Guard Tower
13:06 Guard Tower
14:17 Guard Tower
14:20 Guard Tower
14:23 Guard Tower
15:41 Castle
15:49 Guard Tower
16:44 Guard Tower
16:46 Scout Tower
16:47 Scout Tower
16:50 Scout Tower
16:51 Scout Tower
16:53 Scout Tower
17:31 Guard Tower
17:34 Guard Tower
18:09 Guard Tower
18:17 Guard Tower
19:32 Scout Tower
19:34 Scout Tower
19:35 Scout Tower
19:36 Scout Tower
20:11 Guard Tower
20:54 Guard Tower
21:43 Scout Tower
21:44 Scout Tower
21:45 Scout Tower
21:46 Scout Tower
21:58 Scout Tower
21:59 Scout Tower
22:00 Scout Tower
22:01 Scout Tower
22:54 Guard Tower
24:10 Guard Tower
24:51 Town Hall
27:11 Scout Tower
27:11 Scout Tower
27:12 Scout Tower
27:12 Scout Tower
27:12 Scout Tower
Lord.Mike (
pink | 133 APM | 4005 actions | 30:00)
7 Archmage
3 Summon Water Elemental
3 Blizzard
1 Mass Teleport
3 Beastmaster
1 Summon Quilbeast
2 Summon Bear
» actions
| Basic commands | 2 | |
| Build / train | 176 | |
| Enter build submenu | 19 | |
| Enter hero's abilities submenu | 10 | |
| Give item / drop item | 1 | |
| Remove unit from queue | 2 | |
| Right click | 2059 | |
| Select / deselect | 1579 | |
| Use ability | 145 | |
4005 total
» units
| Peasant | 19 | |
| Footman | 23 | |
| Ice Troll Trapper | 7 | |
| Ice Troll Berserker | 7 | |
| Goblin Shredder | 3 | |
| Sorceress | 9 | |
| Priest | 13 | |
| Gryphon Rider | 11 | |
| Knight | 11 | |
| Mud Golem | 3 | |
106 total
» upgrades
| Swords | 3 | |
| Lumber Harvesting | 1 | |
| Magic Sentry | 1 | |
| Defend | 1 | |
| Masonry | 1 | |
| Plating | 2 | |
| Animal War Training | 1 | |
10 total
» buildings
| Altar of Kings | 1 | |
| Farm | 11 | |
| Barracks | 1 | |
| Arcane Vault | 1 | |
| Town Hall | 1 | |
| Scout Tower | 4 | |
| Lumber Mill | 1 | |
| Keep | 1 | |
| Arcane Tower | 2 | |
| Blacksmith | 1 | |
| Arcane Sanctum | 2 | |
| Castle | 1 | |
| Gryphon Aviary | 1 | |
| Guard Tower | 13 | |
41 total
» build order
00:07 Altar of Kings
00:23 Farm
01:04 Barracks
01:21 Farm
01:24 Farm
02:14 Arcane Vault
02:51 Farm
02:52 Farm
05:35 Town Hall
07:19 Scout Tower
07:24 Lumber Mill
08:12 Keep
08:15 Arcane Tower
09:07 Blacksmith
09:52 Farm
09:53 Farm
10:45 Arcane Sanctum
10:48 Arcane Sanctum
10:50 Castle
10:55 Gryphon Aviary
11:52 Farm
11:53 Farm
11:54 Farm
11:55 Farm
18:42 Scout Tower
18:43 Scout Tower
18:43 Scout Tower
19:32 Guard Tower
19:54 Guard Tower
19:57 Guard Tower
19:58 Guard Tower
19:58 Guard Tower
19:59 Arcane Tower
20:14 Guard Tower
20:14 Guard Tower
21:01 Guard Tower
23:40 Guard Tower
23:41 Guard Tower
23:41 Guard Tower
23:41 Guard Tower
» items
| Scroll of Regeneration | 5 | |
| Scroll of Town Portal | 6 | |
| Lesser Clarity Potion | 2 | |
| Ivory Tower | 7 | |
20 total

»
ka-lo (
red | 43 APM | 1296 actions | 30:00)
8 Pit Lord
3 Howl of Terror
3 Cleaving Attack
1 Doom
1 Rain of Fire
» actions
| Assign group hotkey | 18 | |
| Basic commands | 139 | |
| Build / train | 67 | |
| Enter build submenu | 26 | |
| Enter hero's abilities submenu | 8 | |
| Give item / drop item | 4 | |
| Remove unit from queue | 1 | |
| Right click | 270 | |
| Select / deselect | 271 | |
| Select group hotkey | 435 | |
| Use ability | 56 | |
1296 total
» units
| Acolyte | 8 | |
| Ghoul | 7 | |
| Abomination | 10 | |
| Crypt Fiend | 3 | |
28 total
» upgrades
| Unholy Strength | 3 | |
| Unholy Armor | 2 | |
| Cannibalize | 1 | |
| Disease Cloud | 1 | |
| Web | 1 | |
8 total
» buildings
| Crypt | 2 | |
| Ziggurat | 11 | |
| Altar of Darkness | 1 | |
| Graveyard | 1 | |
| Tomb of Relics | 1 | |
| Halls of the Dead | 1 | |
| Nerubian Tower | 4 | |
| Black Citadel | 1 | |
| Slaughterhouse | 4 | |
| Spirit Tower | 2 | |
| Necropolis | 2 | |
30 total
» build order
00:39 Crypt
00:48 Crypt
00:52 Ziggurat
01:11 Altar of Darkness
01:40 Graveyard
02:06 Ziggurat
03:13 Ziggurat
03:21 Tomb of Relics
04:25 Halls of the Dead
05:27 Nerubian Tower
06:03 Ziggurat
07:29 Black Citadel
07:32 Slaughterhouse
07:41 Slaughterhouse
07:48 Slaughterhouse
07:54 Slaughterhouse
08:47 Ziggurat
09:03 Ziggurat
11:41 Nerubian Tower
12:02 Ziggurat
12:07 Ziggurat
12:12 Ziggurat
12:22 Spirit Tower
13:30 Spirit Tower
13:42 Nerubian Tower
16:15 Ziggurat
16:18 Ziggurat
17:15 Nerubian Tower
22:00 Necropolis
22:48 Necropolis
» items
| Orb of Corruption | 1 | |
| Potion of Healing | 3 | |
| Scroll of Healing | 2 | |
| Sacrificial Skull | 1 | |
| Scroll of Regeneration | 4 | |
| Scroll of Town Portal | 2 | |
13 total
Chat log
(00:15 / Allies) Refugee_: I'm back
(00:23 / All) Macroeconomy: blue was afk
(00:29 / All) TheeStKiller: k
(02:58 / Allies) Macroeconomy: chill
(03:55 / Allies) ka-lo: blue
(03:59 / Allies) ka-lo: make there
(04:09 / Allies) Lord.Mike: wood
(04:13 / Allies) Refugee_: towering the chokes
(05:18 / Allies) Macroeconomy: help
(05:48 / Allies) Macroeconomy: some wood ?
(06:03 / Allies) Macroeconomy: ty
(06:19 / Allies) ka-lo: make
(06:23 / Allies) Macroeconomy: hm ?
(06:24 / Allies) ka-lo: moonwell
(06:27 / Allies) Macroeconomy: asap
(07:29 / Allies) Macroeconomy: blue can u make a shop here ?
(10:47 / Allies) Refugee_: lumbs
(11:36 / Allies) Refugee_: need lumbs
(12:00 / Allies) Refugee_: lumber wood
(13:18 / Allies) ka-lo: unit
(13:22 / Allies) Macroeconomy: chims
(13:59 / Allies) Macroeconomy: blue stop towers make units
(15:55 / Allies) Macroeconomy: b
(15:55 / Allies) Macroeconomy: b
(16:23 / Allies) Macroeconomy: help
(17:55 / Allies) Lord.Mike: ty
(18:31 / Allies) Macroeconomy: tower up your main
(18:54 / Allies) Lord.Mike: wtf....
(19:42 / Allies) Refugee_: get 3 toewrs around mains
(21:05 / Allies) Macroeconomy: gold ?
(21:16 / Allies) Macroeconomy: ty
(24:25 / Allies) Lord.Mike: need gold
(24:41 / Allies) Lord.Mike: ty
(25:27 / All) Macroeconomy: that game lol
(25:40 / Allies) Lord.Mike: need gold
(26:36 / Allies) ka-lo: tp
(26:41 / Allies) ka-lo: tp
(26:47 / Allies) ka-lo: orange
(26:48 / Allies) ka-lo: noob
(29:20 / Allies) Lord.Mike: nooo
(29:23 / Allies) Lord.Mike: gold pls
(29:34 / Allies) Lord.Mike: pls
(29:53 / Allies) Lord.Mike: need money
(29:59 / Allies) Lord.Mike: for hero